[Event "Titled Tuesday Blitz May 16 Early 2023"]
[White "Eynullayev, Atilla"]
[Black "cryptoguru02"]
[WhiteFideId "13413570"]
[WhiteElo "2181"]
[BlackElo "2626"]
[Result "1-0"]
[Round "04"]
[TimeControl "180+2"]
[Date "2023.05.16"]
[WhiteClock "0:00:21"]
[BlackClock "0:00:40"]

1. d4 d5 2. c4 c6 3. Nf3 Nf6 4. g3 Bf5 5. Nc3 e6 6. Nh4 Bg4 7. h3 Bh5 8. Qb3 Qb6 9. g4 Bg6 10. Nxg6 hxg6 11. Bg2 Nbd7 12. g5 Ng8 13. e4 dxe4 14. O-O Qxb3 15. axb3 Ne7 16. Nxe4 Nf5 17. Rd1 Nb6 18. Bf4 Be7 19. Nc5 Nxd4 20. Nxb7 Ne2+ 21. Kf1 Nxf4 22. Bxc6+ Kf8 23. c5 Nbd5 24. Nd6 Rb8 25. Rxa7 Rxh3 26. Kg1 Rhxb3 27. Rda1 Rxb2 28. Ra8 Nd3 29. Nb7 Bxc5 30. Rxb8+ Ke7 31. Re8# 1-0


[Site "https://www.chess.com"]

[Event "Titled Tuesday Blitz May 16 Early 2023"]
[White "bubeliang"]
[Black "Osinovsky, Stepan"]
[BlackFideId "4157354"]
[WhiteElo "2611"]
[BlackElo "2222"]
[Result "0-1"]
[Round "04"]
[TimeControl "180+2"]
[Date "2023.05.16"]
[WhiteClock "0:00:49"]
[BlackClock "0:00:12"]

1. e4 e5 2. Nc3 Nf6 3. Bc4 Nxe4 4. Qh5 Nd6 5. Bb3 Nc6 6. Nb5 g6 7. Qf3 f5 8. Qd5 Qe7 9. Nxc7+ Kd8 10. Nxa8 b6 11. h4 Bb7 12. Qf3 Nd4 13. Qh3 Bg7 14. d3 h6 15. Nxb6 axb6 16. Be3 Nxb3 17. Bxb6+ Kc8 18. axb3 e4 19. O-O-O Re8 20. Qe3 Qf6 21. Qc5+ Bc6 22. d4 Bf8 23. Qa5 Nb5 24. c4 Kb7 25. cxb5 Ra8 26. bxc6+ Qxc6+ 27. Qc5 Bxc5 28. dxc5 Ra1+ 29. Kc2 Rxd1 30. Kxd1 Qd5+ 31. Kc2 Qd3+ 32. Kc1 Qf1+ 33. Kc2 Qxg2 34. Rh3 Qxg1 35. Rc3 Qxf2+ 36. Kb1 Qf1+ 37. Ka2 Kc6 38. Rc4 Qd3 39. Rc3 Qa6+ 40. Kb1 f4 41. b4 e3 42. Rb3 e2 43. b5+ Qxb5 44. Rxb5 Kxb5 45. Ba5 Kxa5 46. Kc2 e1=Q 0-1


[Site "https://www.chess.com"]

[Event "Titled Tuesday Blitz May 16 Early 2023"]
[White "Tanmay Jain"]
[Black "Mamedov, Edgar"]
[WhiteFideId "45015481"]
[BlackFideId "13739980"]
[WhiteElo "2032"]
[BlackElo "2317"]
[Result "1-0"]
[Round "04"]
[TimeControl "180+2"]
[Date "2023.05.16"]
[WhiteClock "0:01:15"]
[BlackClock "0:01:41"]

1. e4 Nc6 2. Nf3 d6 3. d3 Nf6 4. Be2 g6 5. O-O Bg7 6. Re1 O-O 7. h3 e5 8. c3 h6 9. Bf1 Nh7 10. d4 f5 11. exf5 gxf5 12. dxe5 dxe5 13. Na3 e4 14. Bc4+ Kh8 15. Qxd8 Rxd8 16. Nh4 Ne5 17. Bf4 Ng5 18. Bxe5 Bxe5 19. Ng6+ Kg7 20. Nxe5 Kf6 21. f4 exf3 22. Nxf3 Nxf3+ 23. gxf3 f4 24. Re4 Bf5 25. Re2 Rg8+ 26. Bxg8 Rxg8+ 27. Rg2 Re8 28. Rd1 Re3 29. Kf2 Bd3 30. Rd2 h5 31. Rg1 Bf5 32. Re1 Rxe1 33. Kxe1 Kg5 34. Nb5 c6 35. Nd4 Bxh3 36. Re2 Kf6 37. Re4 h4 38. Rxf4+ Kg5 39. Re4 Bd7 40. Kf2 c5 41. Re5+ Kf6 42. Rxc5 b6 43. Rd5 Bc8 44. Rh5 h3 45. Ne2 Be6 46. b3 Kg6 47. Nf4+ 1-0


[Site "https://www.chess.com"]

[Event "Titled Tuesday Blitz May 16 Early 2023"]
[White "Koellner, Ruben Gideon"]
[Black "Liu, Casper"]
[WhiteFideId "12993093"]
[BlackFideId "1454153"]
[WhiteElo "2314"]
[BlackElo "2221"]
[Result "1-0"]
[Round "04"]
[TimeControl "180+2"]
[Date "2023.05.16"]
[WhiteClock "0:01:45"]
[BlackClock "0:00:04"]

1. d4 c5 2. e3 cxd4 3. exd4 d5 4. Nf3 Nf6 5. c3 Bg4 6. Be2 e6 7. O-O Bd6 8. h3 Bh5 9. Ne5 Bxe2 10. Qxe2 O-O 11. Nd2 Nc6 12. Ndf3 Ne4 13. Re1 f6 14. Nxc6 bxc6 15. Nd2 f5 16. f3 Ng3 17. Qxe6+ Kh8 18. Nf1 Re8 19. Qxe8+ Qxe8 20. Rxe8+ Rxe8 21. Bd2 c5 22. Nxg3 Bxg3 23. dxc5 Re2 24. Rd1 Kg8 25. Kf1 Rf2+ 26. Kg1 Re2 27. b4 Kf7 28. a4 Ke6 29. b5 h6 30. a5 d4 31. cxd4 Kd5 32. a6 Kc4 33. b6 Kb5 34. bxa7 Re8 35. Rb1+ Kxa6 36. Ra1+ Kb7 37. c6+ Ka8 38. d5 Re7 39. Bb4 Rxa7 40. Rxa7+ Kxa7 41. d6 Kb6 42. d7 Bc7 43. Be7 Kxc6 44. d8=Q Bxd8 45. Bxd8 Kd5 46. Bh4 g5 47. Be1 f4 48. Kf1 Ke5 49. Ke2 Kf5 50. Bc3 h5 51. Kd3 g4 52. h4 gxf3 53. gxf3 1-0


[Site "https://www.chess.com"]

[Event "Titled Tuesday Blitz May 16 Early 2023"]
[White "Odegov, Artem"]
[Black "Titichoca Daza, Daniel"]
[WhiteFideId "34183644"]
[BlackFideId "3309550"]
[WhiteElo "2300"]
[BlackElo "2101"]
[Result "0-1"]
[Round "04"]
[TimeControl "180+2"]
[Date "2023.05.16"]
[WhiteClock "0:00:00"]
[BlackClock "0:00:35"]

1. e4 c5 2. Nf3 a6 3. g3 b5 4. Bg2 Bb7 5. Qe2 e6 6. O-O d6 7. Re1 Nd7 8. c3 Ngf6 9. d3 Be7 10. Nbd2 e5 11. Nf1 O-O 12. Ne3 Re8 13. Nf5 Bf8 14. a4 Bc6 15. axb5 axb5 16. Bd2 Qb6 17. h4 Qb7 18. Nh2 Rxa1 19. Rxa1 c4 20. f3 d5 21. exd5 Bxd5 22. Ne3 cxd3 23. Qxd3 Bc5 24. Kh1 e4 25. Qe2 exf3 26. Nxf3 Bxe3 27. Bxe3 Ng4 28. Re1 Nxe3 29. Qxe3 Rxe3 30. Rxe3 h6 31. Kh2 Nf6 32. Rd3 Ng4+ 33. Kg1 Qb6+ 34. Rd4 Bxf3 35. Bxf3 Ne5 36. Be4 f5 37. Bd5+ Kf8 38. Kg2 Nc4 39. b4 Qxd4 40. cxd4 Ne3+ 0-1


[Site "https://www.chess.com"]

[Event "Titled Tuesday Blitz May 16 Early 2023"]
[White "Wadsworth, Matthew J"]
[Black "Bettalli, Francesco"]
[WhiteFideId "415804"]
[BlackFideId "2816453"]
[WhiteElo "2347"]
[BlackElo "2216"]
[Result "0-1"]
[Round "04"]
[TimeControl "180+2"]
[Date "2023.05.16"]
[WhiteClock "0:00:00"]
[BlackClock "0:01:04"]

1. c4 g6 2. g3 Bg7 3. Bg2 c6 4. d4 Nf6 5. Nf3 O-O 6. O-O d5 7. Qb3 dxc4 8. Qxc4 Nbd7 9. Rd1 Nb6 10. Qb3 Be6 11. Qc2 Bf5 12. Qb3 Ne4 13. Nh4 Qc8 14. Nxf5 Qxf5 15. Qf3 Qxf3 16. Bxf3 Nd6 17. Nc3 Rad8 18. e3 Nf5 19. Bd2 Nc4 20. Be1 e5 21. dxe5 Bxe5 22. b3 Nb2 23. Rxd8 Rxd8 24. Rb1 Nd3 25. Ne4 Nxe1 26. Rxe1 Kg7 27. Nc5 Rd2 28. Nxb7 Rxa2 29. Bxc6 h5 30. h4 Nh6 31. Bf3 f6 32. Rd1 Nf7 33. Rd7 Kf8 34. Nc5 Nd6 35. Nd3 Nf7 36. Bd5 Nh6 37. Be6 Bc3 38. Rh7 Ng4 39. Bxg4 hxg4 40. Rc7 Bd2 41. b4 Ra3 42. Rd7 Ra2 43. b5 Ke8 44. Rd4 f5 45. Rd6 Kf7 46. Ne5+ Ke7 47. Rxg6 Be1 48. Nd3 Bc3 49. Ra6 Rxa6 50. bxa6 Kd6 51. h5 Kc6 52. f3 Kb6 53. e4 fxe4 54. fxe4 Bg7 55. Kf2 Kxa6 56. Ke3 Kb5 57. Nf2 a5 58. Nxg4 a4 59. h6 Bh8 60. e5 a3 61. e6 Kc6 62. e7 Kd7 63. Nf2 a2 0-1


[Site "https://www.chess.com"]

[Event "Titled Tuesday Blitz May 16 Early 2023"]
[White "Piesik, Piotr"]
[Black "Mika, Tomasz"]
[WhiteFideId "1136194"]
[BlackFideId "1132970"]
[WhiteElo "2299"]
[BlackElo "2179"]
[Result "1-0"]
[Round "04"]
[TimeControl "180+2"]
[Date "2023.05.16"]
[WhiteClock "0:01:43"]
[BlackClock "0:00:07"]

1. Nf3 d5 2. g3 Nf6 3. Bg2 e6 4. O-O Be7 5. d3 O-O 6. Nbd2 c6 7. e4 Nbd7 8. Qe2 Qc7 9. Re1 dxe4 10. dxe4 b6 11. a4 a5 12. Rd1 Ba6 13. Qe1 Nc5 14. b3 Rfd8 15. Bb2 Rd7 16. Ne5 Rdd8 17. Ndc4 Rxd1 18. Rxd1 Rd8 19. f3 Nfd7 20. Bf1 Nxe5 21. Bxe5 Rxd1 22. Qxd1 Qd8 23. Qxd8+ Bxd8 24. Bd6 Nb7 25. Bb8 f6 26. Nxa5 Nxa5 27. Bxa6 c5 28. Bb5 Kf7 29. Kf2 Ke7 30. Bf4 e5 31. Bd2 Kd6 32. Ke2 g6 33. Kd3 Bc7 34. Bc4 Nc6 35. c3 Ne7 36. b4 cxb4 37. cxb4 Nc6 38. Bc3 Ke7 39. Bd5 Nd8 40. Kc4 1-0


[Site "https://www.chess.com"]

[Event "Titled Tuesday Blitz May 16 Early 2023"]
[White "vlajkovicS"]
[Black "Grossboss19"]
[WhiteElo "2597"]
[BlackElo "2445"]
[Result "1-0"]
[Round "04"]
[TimeControl "180+2"]
[Date "2023.05.16"]
[WhiteClock "0:01:44"]
[BlackClock "0:00:18"]

1. Nf3 d5 2. c4 c6 3. g3 Nf6 4. Bg2 g6 5. O-O Bg7 6. Nc3 O-O 7. d4 dxc4 8. Ne5 Be6 9. e4 b5 10. d5 Bc8 11. Nxc6 Nxc6 12. dxc6 Qb6 13. e5 Ng4 14. Nd5 Qc5 15. b4 cxb3 16. axb3 Kh8 17. Ba3 Qxc6 18. Nxe7 Qb6 19. Bxa8 Bxe5 20. Nxc8 Rxc8 21. Qxg4 Rxa8 22. Qe4 Re8 23. Bb2 Bxb2 24. Qxe8+ Kg7 25. Rad1 Qf6 26. Qxb5 Bd4 27. Qc4 Bb6 28. Rd7 h5 29. Kg2 h4 30. Qe4 Qg5 31. Qf4 h3+ 32. Kxh3 Qh5+ 33. Kg2 g5 34. Qe5+ Kh7 35. Qf5+ Kg7 36. h4 1-0


[Site "https://www.chess.com"]

[Event "Titled Tuesday Blitz May 16 Early 2023"]
[White "Colbow, Collin"]
[Black "Fikiet, Alex"]
[WhiteFideId "16201132"]
[BlackFideId "2052717"]
[WhiteElo "2351"]
[BlackElo "2403"]
[Result "1-0"]
[Round "04"]
[TimeControl "180+2"]
[Date "2023.05.16"]
[WhiteClock "0:01:07"]
[BlackClock "0:01:47"]

1. d4 d5 2. Nc3 Nf6 3. Bf4 a6 4. e3 b5 5. g4 Bxg4 6. f3 Bh5 7. Qd2 e6 8. O-O-O Nbd7 9. Bg2 c5 10. dxc5 Nxc5 11. Nge2 b4 12. Nb1 Rc8 13. Nd4 Be7 14. Nb3 O-O 15. Rhg1 Qa5 16. Nxa5 1-0


[Site "https://www.chess.com"]

[Event "Titled Tuesday Blitz May 16 Early 2023"]
[White "Itkis, Boris"]
[Black "Janaszak, Dawid"]
[WhiteFideId "1209167"]
[BlackFideId "1119206"]
[WhiteElo "2216"]
[BlackElo "2220"]
[Result "0-1"]
[Round "04"]
[TimeControl "180+2"]
[Date "2023.05.16"]
[WhiteClock "0:00:00"]
[BlackClock "0:01:32"]

1. c4 e6 2. Nf3 d5 3. g3 Nf6 4. Bg2 Be7 5. O-O O-O 6. b3 b6 7. Bb2 Bb7 8. e3 c5 9. Qe2 Nc6 10. Ne1 d4 11. f4 Qc7 12. Na3 Rad8 13. g4 Nb4 14. g5 Ne8 15. Nb5 Qb8 16. a3 Nc6 0-1


[Site "https://www.chess.com"]

[Event "Titled Tuesday Blitz May 16 Early 2023"]
[White "Richter, Paul"]
[Black "Fan_Of_Chucky"]
[WhiteFideId "2046350"]
[WhiteElo "2554"]
[BlackElo "2359"]
[Result "0-1"]
[Round "04"]
[TimeControl "180+2"]
[Date "2023.05.16"]
[WhiteClock "0:00:02"]
[BlackClock "0:00:04"]

1. e4 c5 2. Nf3 Nc6 3. d4 cxd4 4. Nxd4 Nf6 5. Nc3 d6 6. Bg5 e6 7. Qd2 a6 8. O-O-O Be7 9. f4 Bd7 10. Be2 b5 11. Bf3 Rc8 12. Nxc6 Bxc6 13. e5 Bxf3 14. gxf3 dxe5 15. Qe3 Qc7 16. fxe5 Nd5 17. Rxd5 Bxg5 18. Qxg5 exd5 19. Qxg7 Rf8 20. Qxh7 d4 21. Nd5 Qxe5 22. Nb4 a5 23. Nd3 Rh8 24. Qxf7+ Kxf7 25. Nxe5+ Kf6 26. Ng4+ Kf5 27. Rd1 Rcd8 28. Rd3 Kf4 29. b3 Rh3 30. Kb2 Rxf3 31. Rxf3+ Kxf3 32. Ne5+ Ke4 33. Nc6 Ra8 34. h4 Ra6 35. Nd8 Rh6 36. Nb7 Kd5 37. Nxa5 Rxh4 38. a3 Rh2 39. Kb1 Ke4 40. Nb7 Ke3 41. Nc5 Kd2 42. a4 bxa4 43. bxa4 Kc3 44. Ne4+ Kb4 45. a5 Kxa5 46. Nc5 Kb4 47. Ne4 Re2 48. Ng3 Re3 49. Nf5 Re4 50. Kb2 Rf4 51. Nd6 Rf2 52. Nb7 d3 53. Kb1 dxc2+ 54. Kc1 Kc3 55. Na5 Rf1# 0-1


[Site "https://www.chess.com"]

[Event "Titled Tuesday Blitz May 16 Early 2023"]
[White "Ansh M Shah"]
[Black "Romkachess"]
[WhiteFideId "25033379"]
[WhiteElo "2084"]
[BlackElo "2546"]
[Result "1-0"]
[Round "04"]
[TimeControl "180+2"]
[Date "2023.05.16"]
[WhiteClock "0:00:06"]
[BlackClock "0:01:20"]

1. d4 Nf6 2. c4 e6 3. g3 d5 4. Bg2 Be7 5. Nf3 O-O 6. O-O Nbd7 7. Qc2 c6 8. Nbd2 b6 9. e4 dxc4 10. Nxc4 Bb7 11. Rd1 c5 12. Bf4 Bxe4 13. Qa4 Bd5 14. Nfe5 Bxg2 15. Kxg2 Nxe5 16. dxe5 Nd5 17. Nd6 Bxd6 18. exd6 Qe8 19. Qe4 Qc6 20. Kg1 Rad8 21. Rd2 Rd7 22. Rad1 h6 23. h4 Nb4 24. Qc4 Nd5 25. Qe4 c4 26. Be5 b5 27. Qg4 f6 28. Qxe6+ Rff7 29. Qxd5 Qxd5 30. Rxd5 fxe5 31. Rxe5 a6 32. Re8+ Kh7 33. Ra8 Rf3 34. Rxa6 b4 35. Rc6 Rd3 36. Rxd3 cxd3 37. Kf1 Ra7 38. Ke1 Kg8 39. Kd2 Rxa2 40. d7 Rxb2+ 41. Kxd3 Kh7 42. d8=Q Rxf2 43. Ke3 Rf7 44. Qd3+ Kg8 45. Rc8+ 1-0


[Site "https://www.chess.com"]

[Event "Titled Tuesday Blitz May 16 Early 2023"]
[White "Demin, Vladimir"]
[Black "Thiel, Thomas"]
[WhiteFideId "4167457"]
[BlackFideId "4615964"]
[WhiteElo "2544"]
[BlackElo "2201"]
[Result "1-0"]
[Round "04"]
[TimeControl "180+2"]
[Date "2023.05.16"]
[WhiteClock "0:01:34"]
[BlackClock "0:00:54"]

1. d4 Nf6 2. Nc3 d5 3. Bf4 c6 4. e3 Bf5 5. f3 h6 6. g4 Bh7 7. h4 Nbd7 8. Bd3 Bxd3 9. Qxd3 e6 10. O-O-O Bb4 11. Nge2 Qe7 12. e4 Bxc3 13. Nxc3 O-O-O 14. exd5 Nxd5 15. Nxd5 exd5 16. Rde1 Qf6 17. Bg3 Rde8 18. Qc3 Re6 19. Qa5 b6 20. Qxa7 1-0


[Site "https://www.chess.com"]

[Event "Titled Tuesday Blitz May 16 Early 2023"]
[White "Nastase, Robert-Paul"]
[Black "Sarana, Alexey"]
[WhiteFideId "1221175"]
[BlackFideId "24133795"]
[WhiteElo "2175"]
[BlackElo "2714"]
[Result "0-1"]
[Round "04"]
[TimeControl "180+2"]
[Date "2023.05.16"]
[WhiteClock "0:00:00"]
[BlackClock "0:00:59"]

1. e4 e5 2. Nf3 Nc6 3. Nc3 d6 4. d4 Bg4 5. d5 Nd4 6. Be3 c5 7. dxc6 bxc6 8. Bxd4 exd4 9. Qxd4 Qb6 10. Qxb6 axb6 11. Nd4 Bd7 12. g3 g6 13. Bg2 Ne7 14. O-O-O Bg7 15. Nde2 Nc8 16. f4 b5 17. a3 Ke7 18. Rhe1 Nb6 19. e5 d5 20. Nd4 Rhc8 21. Nb3 Nc4 22. Na2 Bg4 23. Rd3 f6 24. exf6+ Kxf6 25. Nb4 Kf7 26. c3 Bf5 27. Rdd1 Kf8 28. Nc5 Bxc3 29. bxc3 Rxa3 30. Ncd3 Rxc3+ 31. Kb1 c5 0-1


[Site "https://www.chess.com"]

[Event "Titled Tuesday Blitz May 16 Early 2023"]
[White "Khromkin, Andrey"]
[Black "Petrosyan, Manuel"]
[WhiteFideId "4154126"]
[BlackFideId "13300857"]
[WhiteElo "2442"]
[BlackElo "2576"]
[Result "0-1"]
[Round "04"]
[TimeControl "180+2"]
[Date "2023.05.16"]
[WhiteClock "0:00:00"]
[BlackClock "0:00:14"]

1. d4 Nf6 2. c4 e6 3. Nf3 d5 4. Nc3 c5 5. cxd5 cxd4 6. Nxd4 Nxd5 7. Ndb5 a6 8. Nxd5 axb5 9. Nc3 Qxd1+ 10. Nxd1 Bd7 11. e3 Bc6 12. f3 Nd7 13. Nc3 b4 14. Nb5 Ra5 15. Nd4 Bd5 16. e4 Rxa2 17. Rxa2 Bxa2 18. Bb5 Bc5 19. Be3 Ke7 20. Kf2 Rc8 21. Ra1 Bxd4 22. Bxd4 Rc2+ 23. Kg3 e5 0-1


[Site "https://www.chess.com"]

[Event "Titled Tuesday Blitz May 16 Early 2023"]
[White "Avazkhonov, Alikhon"]
[Black "Smirnov, Pavel"]
[WhiteFideId "14208504"]
[BlackFideId "4123425"]
[WhiteElo "1739"]
[BlackElo "2520"]
[Result "1-0"]
[Round "04"]
[TimeControl "180+2"]
[Date "2023.05.16"]
[WhiteClock "0:01:29"]
[BlackClock "0:01:47"]

1. e4 e5 2. Nf3 Nc6 3. Bb5 a6 4. Ba4 Nf6 5. O-O Be7 6. Re1 b5 7. Bb3 O-O 8. a4 b4 9. d3 d6 10. Nbd2 Na5 11. Ba2 c5 12. Nf1 Be6 13. Ne3 Bxa2 14. Rxa2 Re8 15. c4 bxc3 16. bxc3 Rb8 17. Qc2 Bf8 18. Bd2 Qd7 19. Rb1 Nc6 20. Rab2 Qc7 21. c4 a5 22. Nd5 Nxd5 23. cxd5 Nb4 24. Bxb4 axb4 25. Rxb4 Rxb4 26. Rxb4 Qa7 27. Rb5 Ra8 28. a5 Be7 29. Nd2 Qa6 30. Qb1 Bd8 31. Nc4 Bc7 32. Rb7 Bxa5 33. Nxa5 Qxa5 34. Rb8+ 1-0


[Site "https://www.chess.com"]

[Event "Titled Tuesday Blitz May 16 Early 2023"]
[White "Panda Sambit"]
[Black "Vakhlamov, Igor L."]
[WhiteFideId "25091794"]
[BlackFideId "24126748"]
[WhiteElo "2272"]
[BlackElo "2407"]
[Result "1-0"]
[Round "04"]
[TimeControl "180+2"]
[Date "2023.05.16"]
[WhiteClock "0:00:05"]
[BlackClock "0:00:12"]

1. d4 d5 2. c4 e6 3. Nc3 c5 4. cxd5 cxd4 5. Qxd4 Nc6 6. Qd1 exd5 7. e3 Nf6 8. Nf3 Bb4 9. Bd2 O-O 10. a3 Ba5 11. Be2 d4 12. exd4 Nxd4 13. Nxd4 Qxd4 14. Nb5 Bxd2+ 15. Qxd2 Qb6 16. O-O Rd8 17. Qf4 Be6 18. Nc7 Nd5 19. Nxd5 Rxd5 20. Bf3 Rd4 21. Qe5 Rad8 22. b4 h6 23. Rac1 Rd3 24. Rc3 Rd2 25. h3 Ra2 26. Qc5 Qxc5 27. bxc5 Rb2 28. Rfc1 Rdd2 29. Rf1 g5 30. Kh2 Kg7 31. Kg3 Kg6 32. Re1 Rxf2 33. Bxb7 Rfc2 34. Be4+ Bf5 35. Rxc2 Rxc2 36. Bxc2 Bxc2 37. c6 Bf5 38. c7 h5 39. Re8 h4+ 40. Kf2 Bd7 41. Rd8 g4 42. Rxd7 g3+ 43. Kg1 f5 44. c8=Q f4 45. Qg8+ Kf5 46. Qg4+ Ke4 47. Qxh4 Ke3 48. Qe7# 1-0


[Site "https://www.chess.com"]

[Event "Titled Tuesday Blitz May 16 Early 2023"]
[White "Mazurkiewicz, Michal"]
[Black "Prohaszka, Peter"]
[WhiteFideId "1124943"]
[BlackFideId "726265"]
[WhiteElo "2054"]
[BlackElo "2626"]
[Result "0-1"]
[Round "04"]
[TimeControl "180+2"]
[Date "2023.05.16"]
[WhiteClock "0:00:00"]
[BlackClock "0:00:06"]

1. e4 c6 2. d3 d5 3. Nd2 e5 4. Ngf3 Bd6 5. d4 exd4 6. exd5 Nf6 7. dxc6 Nxc6 8. Nb3 Bg4 9. Be2 O-O 10. h3 Bxf3 11. Bxf3 Re8+ 12. Kf1 Qb6 13. g3 Ne5 14. Kg2 Nxf3 15. Qxf3 Rac8 16. Bg5 Be5 17. Rac1 h6 18. Bxf6 Bxf6 19. Rhe1 g6 20. Re4 Rxe4 21. Qxe4 Kg7 22. Rd1 Qc6 23. Qxc6 bxc6 24. Nc5 Be7 25. b4 Rd8 26. Nd3 a5 27. a3 axb4 28. axb4 Kf6 29. Kf3 Rb8 30. Rb1 c5 31. b5 c4 32. Nf4 Ke5 33. b6 Bc5 34. b7 Kd6 35. h4 Kc6 36. Ke4 Rxb7 37. Rxb7 Kxb7 38. f3 Kc6 39. Ne2 Kb5 40. Nxd4+ Kb4 41. Ne2 Bf2 42. Ke5 Ka3 43. Kf6 Kb2 44. Kxf7 Kxc2 45. Kxg6 Kd2 46. Nf4 c3 47. Nd5 c2 48. Nb4 c1=Q 49. Na2 Qb1+ 0-1


[Site "https://www.chess.com"]

[Event "Titled Tuesday Blitz May 16 Early 2023"]
[White "Begmuratov, Alisher"]
[Black "merinasian"]
[WhiteFideId "14203367"]
[WhiteElo "2387"]
[BlackElo "2432"]
[Result "1-0"]
[Round "04"]
[TimeControl "180+2"]
[Date "2023.05.16"]
[WhiteClock "0:01:26"]
[BlackClock "0:00:17"]

1. e4 d6 2. d4 Nd7 3. Nc3 a6 4. a4 g6 5. f3 Bg7 6. Be3 e6 7. Qd2 h6 8. O-O-O Ne7 9. h4 c6 10. h5 g5 11. f4 gxf4 12. Bxf4 Nf6 13. Nf3 b5 14. e5 dxe5 15. Nxe5 b4 16. Na2 a5 17. Bc4 Nfd5 18. Rhf1 f6 19. Ng6 Nxg6 20. hxg6 h5 21. Kb1 Bd7 22. Nc1 Ra7 23. Nb3 Rb7 24. Bd6 Bc8 25. Bc5 Rd7 26. Rde1 Rb7 27. Qd3 Bd7 28. Qh3 Qc8 29. Ba6 Kd8 30. Nxa5 Qa8 31. Nxb7+ Kc7 32. Bd6+ Kb6 33. Nc5 1-0


[Site "https://www.chess.com"]

[Event "Titled Tuesday Blitz May 16 Early 2023"]
[White "Shubenkova, Veronika"]
[Black "Colas, Joshua"]
[WhiteFideId "44124040"]
[BlackFideId "2044447"]
[WhiteElo "2060"]
[BlackElo "2347"]
[Result "0-1"]
[Round "04"]
[TimeControl "180+2"]
[Date "2023.05.16"]
[WhiteClock "0:02:13"]
[BlackClock "0:01:48"]

1. e4 c5 2. Nc3 a6 3. g3 b5 4. Bg2 Bb7 5. f4 g6 6. d3 Bg7 7. Nf3 d6 8. O-O Nc6 9. Nd5 e6 10. Ne3 Nge7 11. c3 O-O 12. g4 d5 13. e5 d4 14. Nc2 dxc3 15. bxc3 Nd5 16. Bd2 f6 17. exf6 Qxf6 18. g5 Qe7 19. Qe1 Nxf4 20. Bxf4 Rxf4 21. d4 Raf8 22. Rd1 cxd4 23. Nfxd4 Rxf1+ 24. Bxf1 Qxg5+ 25. Bg2 Nxd4 0-1


[Site "https://www.chess.com"]

[Event "Titled Tuesday Blitz May 16 Early 2023"]
[White "Dudzinski, Pawel"]
[Black "hakanazeri2"]
[WhiteFideId "1117890"]
[WhiteElo "2099"]
[BlackElo "2603"]
[Result "0-1"]
[Round "04"]
[TimeControl "180+2"]
[Date "2023.05.16"]
[WhiteClock "0:00:08"]
[BlackClock "0:00:12"]

1. e4 c5 2. Nc3 e6 3. g3 Nc6 4. Bg2 Nf6 5. Nge2 d5 6. exd5 exd5 7. d4 Bg4 8. f3 cxd4 9. Nxd4 Bh5 10. Be3 Bb4 11. O-O O-O 12. Nce2 Re8 13. Bf2 Bc5 14. Nf4 Qb6 15. Nb3 Bxf2+ 16. Rxf2 Bg6 17. Nxg6 hxg6 18. Qf1 Rad8 19. Kh1 a5 20. a4 d4 21. Rd1 Nd5 22. Qb5 Qa7 23. Qc5 Qxc5 24. Nxc5 Ne3 25. Rdd2 b6 26. Nb3 Nc4 27. Rde2 Rxe2 28. Rxe2 Nxb2 29. f4 Nb4 30. Be4 Nxa4 31. Rd2 Nc3 32. Bf3 a4 33. Nxd4 a3 34. Nb3 Rxd2 35. Nxd2 a2 36. Nb3 Nxc2 37. Kg2 a1=Q 38. Nxa1 Nxa1 39. Kf2 b5 40. Ke3 b4 41. Kd3 Nb3 42. g4 Kf8 43. f5 gxf5 44. gxf5 Ke7 45. h4 Kf6 46. Bh5 Nc5+ 47. Kc4 N3e4 48. Kxb4 Ng3 49. Bg4 Nce4 50. Kc4 Nxf5 51. h5 Ne3+ 52. Kd4 Nxg4 53. Kxe4 Kg5 54. h6 Nxh6 55. Kf3 Kf5 0-1


[Site "https://www.chess.com"]

[Event "Titled Tuesday Blitz May 16 Early 2023"]
[White "Vovk, Orest"]
[Black "Veiga, Jose Francisco R P Neves"]
[WhiteFideId "14113490"]
[BlackFideId "1930087"]
[WhiteElo "2215"]
[BlackElo "2320"]
[Result "1-0"]
[Round "04"]
[TimeControl "180+2"]
[Date "2023.05.16"]
[WhiteClock "0:00:04"]
[BlackClock "0:00:04"]

1. h4 Nf6 2. h5 h6 3. Nc3 d5 4. e4 dxe4 5. Qe2 Bf5 6. Qb5+ Bd7 7. Qxb7 Nc6 8. Bb5 Rb8 9. Qxc6 Bxc6 10. Bxc6+ Nd7 11. Nxe4 e6 12. Nf3 Be7 13. Ne5 Rb6 14. Bxd7+ Kf8 15. Ba4 Rb4 16. Bc6 Bd6 17. Nf3 f5 18. Nc3 Bc5 19. d4 Bxd4 20. Nxd4 Qxd4 21. a3 Rc4 22. Be3 Qe5 23. O-O-O Kf7 24. Rd7+ Kf6 25. Bf3 Rb8 26. Re1 f4 27. Bd4 Rxd4 28. Rxe5 Kxe5 29. Rxc7 Kf6 30. Rxa7 Rc8 31. Ne4+ Ke5 32. Ra5+ Rd5 33. Rxd5+ exd5 34. Nc3 d4 35. Nd5 d3 36. c3 Kd6 37. Nb4 Kc5 38. Kd2 Kc4 39. Nxd3 Rd8 40. Be2 f3 41. gxf3 Kb3 42. a4 Kxa4 43. Kc2 Kb5 44. f4 Kc4 45. Ne5+ Kd5 46. Bd3 Rf8 47. c4+ Kd4 48. Ng6 Rf6 49. f5 Rb6 50. f3 Rd6 51. b3 Ke3 52. Be4 Kd4 53. Kd2 Ra6 54. Ke2 Ra2+ 55. Kf1 Ke3 56. Kg1 Ra1+ 57. Kg2 Ra2+ 58. Kg3 Ra1 59. c5 Rg1+ 60. Kh2 Rc1 61. c6 Kf2 62. Ne5 Rc5 63. Ng4+ Ke2 64. Kg3 Kd2 65. Kh4 Kc3 66. f6 gxf6 67. Nxf6 Kxb3 68. Ng4 Kc3 69. Nxh6 Kd4 70. Ng4 Rc1 71. h6 Kc5 72. h7 Kd6 73. Kg5 Rh1 74. Kg6 Rg1 75. Kg7 1-0


[Site "https://www.chess.com"]

[Event "Titled Tuesday Blitz May 16 Early 2023"]
[White "Pandey Srishti"]
[Black "Makaraci, Tunahan"]
[WhiteFideId "35093290"]
[BlackFideId "6356559"]
[WhiteElo "2123"]
[BlackElo "2160"]
[Result "0-1"]
[Round "04"]
[TimeControl "180+2"]
[Date "2023.05.16"]
[WhiteClock "0:00:46"]
[BlackClock "0:01:28"]

1. e4 Nf6 2. e5 Nd5 3. c4 Nb6 4. d4 d6 5. f4 dxe5 6. fxe5 Bf5 7. Nf3 e6 8. Be2 Bb4+ 9. Bd2 Bxd2+ 10. Qxd2 c5 11. dxc5 N6d7 12. b4 a5 13. O-O axb4 14. Nd4 Nxc5 15. Nxf5 exf5 16. Qxd8+ Kxd8 17. Rxf5 Nb3 18. axb3 Rxa1 19. Bd3 Ke7 20. Kf2 Rd8 21. Be4 Rd1 22. Bd5 Rxd5 23. cxd5 Rxb1 24. Rf3 Nd7 25. d6+ Ke6 26. Re3 Nxe5 0-1


[Site "https://www.chess.com"]

[Event "Titled Tuesday Blitz May 16 Early 2023"]
[White "Pasti, Aron"]
[Black "Sebag, Marie"]
[WhiteFideId "785857"]
[BlackFideId "617822"]
[WhiteElo "2173"]
[BlackElo "2431"]
[Result "0-1"]
[Round "04"]
[TimeControl "180+2"]
[Date "2023.05.16"]
[WhiteClock "0:00:00"]
[BlackClock "0:00:35"]

1. e4 e5 2. Nf3 Nc6 3. Bb5 a6 4. Ba4 Bc5 5. c3 Nge7 6. d4 Ba7 7. d5 Nb8 8. Nxe5 O-O 9. O-O d6 10. Nd3 Ng6 11. Na3 Nd7 12. Bxd7 Bxd7 13. Nc2 Qh4 14. Qf3 Rae8 15. Re1 f5 16. e5 dxe5 17. Qg3 Qh5 18. Qg5 Qxg5 19. Bxg5 f4 20. h4 e4 21. Nc1 Bg4 22. h5 Bxh5 23. g3 fxg3 0-1


[Site "https://www.chess.com"]

[Event "Titled Tuesday Blitz May 16 Early 2023"]
[White "Sourath Biswas"]
[Black "Koepke, Christian"]
[WhiteFideId "35091484"]
[BlackFideId "4655737"]
[WhiteElo "2171"]
[BlackElo "2204"]
[Result "1-0"]
[Round "04"]
[TimeControl "180+2"]
[Date "2023.05.16"]
[WhiteClock "0:00:07"]
[BlackClock "0:00:01"]

1. d4 d5 2. Bf4 c5 3. e3 Nc6 4. Nf3 cxd4 5. exd4 f6 6. c3 Bg4 7. Qb3 Qd7 8. Nbd2 e6 9. h3 Bh5 10. Be2 Bf7 11. O-O Nge7 12. Bh2 g5 13. Ne1 Nf5 14. f4 Bd6 15. Nd3 Rg8 16. Rae1 Ne3 17. Rf2 g4 18. hxg4 O-O-O 19. Nf1 Nxg4 20. Bxg4 Rxg4 21. Nc5 Bxc5 22. dxc5 Rdg8 23. Qd1 Bh5 24. Qd3 Bg6 25. Qe2 Be4 26. Ne3 R4g6 27. Rd1 Qg7 28. Kf1 e5 29. f5 Rg5 30. g4 h5 31. Nxd5 Rxg4 32. Ke1 Bxd5 33. Rxd5 Qg5 34. Rd6 Qc1+ 35. Rd1 Qg5 36. Rd6 Qh4 37. Kd2 Re4 38. Qf3 Rgg4 39. Kc2 Qg5 40. Rfd2 Rh4 41. Qd3 Qg8 42. Rd7 Qe8 43. Qd6 Rd4 44. Qc7# 1-0


[Site "https://www.chess.com"]